Cogmind - Beta 16.1 @@@ ROGUE MODE // 2026.04.14 @ 13:29:58 Player: Maelyn Result: Destroyed by S-27 Virus with Autogun Performance ------------- Evolutions (3) 1500 Regions Visited (6) 1200 Robots Destroyed (72) 360 Value Destroyed (2044) 2044 Prototype IDs (30) 600 Alien Tech Used (0) 0 Bonus (300) 300 TOTAL SCORE: 6004 Bonus ------- Aligned with FarCom 300 Cogmind --------- Core Integrity 0/700 Matter 300/300 Energy 100/100 System Corruption 2% Temperature Cool (0) Movement Core (350) Ox6 Location -7/Factory Parts ------- > --- POWER (1) -------- (None) > --- PROPULSION (5) --- (None) > --- UTILITY (5) ------ Large Storage Unit Transport Network Coupler > --- WEAPON (2) ------- (None) > --- INVENTORY (15) --- Enhanced Nuclear Core Micro Nuclear Core Micro Nuclear Core Medium Storage Unit 0b10 Alert Chip Melee Analysis Suite Weapon Cycler ECM Suite Reaction Control System Proton Missile Launcher Powered Hammer Peak State ------------ > --- POWER ------------ Enhanced Nuclear Core > --- PROPULSION ------- Improved Hover Unit Gravmag System Gravmag System Gravmag System Gravmag System > --- UTILITY ---------- Improved Heat Sink Large Storage Unit Seismic Detector Transport Network Coupler Utility Shielding > --- WEAPON ----------- Advanced Beam Rifle Gatling Laser > --- INVENTORY -------- Micro Nuclear Core Micro Nuclear Core Medium Storage Unit 0b10 Alert Chip Melee Analysis Suite Weapon Cycler ECM Suite Reaction Control System Proton Missile Launcher Powered Hammer [Rating: 41] Favorites ----------- Power Light Nuclear Core Engine Ion Engine Power Core Light Nuclear Core Propulsion Improved Treads Treads Improved Treads Leg Improved Aluminum Leg Hover Unit Gravmag System Flight Unit Improved VTOL Module Utility Large Storage Unit Device Improved Heat Sink Storage Large Storage Unit Processor Transport Network Coupler Protection Utility Shielding Weapon Beam Rifle Energy Gun Beam Rifle Energy Cannon Plasma Cannon Impact Weapon Powered Hammer Slashing Weapon Mining Claw Build | -11 -10 -10 -10 -9 -8 -7 ------- Run | Yrd Mat Min Exi Min Mat Fac Slots Evolved 6 | . . . . . 4 2 Power . | . . . . . . . Propulsion 3 | . . . . . 2 1 Utility 3 | . . . . . 2 1 Weapon . | . . . . . . . Parts Attached 52 | 4 13 . . 1 8 26 Power 7 | 1 1 . . 1 2 2 Engine 1 | 1 . . . . . . Core 6 | . 1 . . 1 2 2 Reactor . | . . . . . . . Propulsion 24 | 2 3 . . . 2 17 Treads 12 | 2 3 . . . . 7 Leg 6 | . . . . . 2 4 Wheel . | . . . . . . . Hover 5 | . . . . . . 5 Flight 1 | . . . . . . 1 Utility 9 | 1 3 . . . 2 3 Device 4 | . 2 . . . . 2 Storage 3 | 1 1 . . . 1 . Processor 1 | . . . . . . 1 Hackware . | . . . . . . . Protection 1 | . . . . . 1 . Artifact . | . . . . . . . Weapon 12 | . 6 . . . 2 4 Energy Gun 9 | . 5 . . . 2 2 Energy Cannon 1 | . . . . . . 1 Ballistic Gun . | . . . . . . . Ballistic Cannon . | . . . . . . . Launcher . | . . . . . . . Special Weapon . | . . . . . . . Impact Weapon 1 | . . . . . . 1 Slashing Weapon 1 | . 1 . . . . . Piercing Weapon . | . . . . . . . Special Melee Weapon . | . . . . . . . Unidentified Prototypes 3 | . . . . . . 3 Parts Lost 21 | . 1 . . 1 8 11 Power 1 | . . . . . . 1 Propulsion 8 | . . . . . 3 5 Utility 5 | . . . . 1 1 3 Weapon 7 | . 1 . . . 4 2 Highest Loss Streak 7 | . 1 . . 1 4 7 To Critical Strikes 1 | . . . . . . 1 Average Backups 11 | 2 7 12 15 14 11 12 Power 1 | . 1 1 1 . 1 1 Propulsion 2 | . 2 2 3 3 1 1 Utility 3 | . . 4 6 6 4 5 Weapon 3 | 1 3 4 5 5 3 3 Tool/Special . | . . . . . . . Unused Backups 20 | . 4 . 1 2 . 13 Power 3 | . . . . 1 . 2 Propulsion 3 | . 2 . . . . 1 Utility 7 | . . . 1 . . 6 Weapon 7 | . 2 . . 1 . 4 Tool/Special . | . . . . . . . Average Slot Usage (%) 88 | . 98 100 100 90 56 77 Engine 1 | . 5 . . . . . Core 9 | . 8 14 14 14 7 6 Treads 19 | . 27 28 28 28 4 8 Leg 4 | . . . . . 10 12 Hover 2 | . . . . . . 8 Device 9 | . 13 14 14 4 . 5 Storage 11 | . 14 14 14 14 11 7 Processor 1 | . . . . . . 4 Protection 2 | . . . . . 8 6 Energy Gun 20 | . 24 28 28 28 13 10 Peak Build Rating 41 | 4 16 17 17 17 16 41 Average Rating 19 | 2 12 16 17 15 13 30 On Entrance 11 | . 4 16 17 17 15 9 Avg Prop Armor Cover (%) 12 | . . . . . . 12 Naked Turns . | . . . . . . . Heaviest Build 40 | 10 32 32 32 32 36 40 Greatest Support 100 | 40 46 46 46 46 46 100 Greatest Overweight (x) 10 | . 5 . . . 8 10 Average Overweight (x) . | . . . . . . . Largest Inventory Capacity 15 | 8 15 15 15 15 15 15 Average Capacity 13 | 7 9 15 15 15 15 15 Most Carried 15 | 6 10 15 15 15 15 15 Average Carried 11 | 3 7 12 14 14 10 12 Final Capacity 15 | 8 15 15 15 15 15 15 Final Carried 15 | 6 10 15 15 15 11 11 Class Distribution -------------------- 85% | Mutant 14% | Scavenger-Mutant Dominant Class ---------------- Mutant | -10/Materials Mutant | -10/Mines Mutant | -10/Exiles Mutant | -9/Mines Mutant | -8/Materials Mutant | -7/Factory Resources | -11 -10 -10 -10 -9 -8 -7 ----------- Run | Yrd Mat Min Exi Min Mat Fac Matter Collected 780 | 140 250 . . 10 60 320 Remotely . | . . . . . . . Salvage Created 2496 | . 678 97 . 217 324 1180 Parts 138 | . 50 7 . 13 10 58 Haulers Intercepted 4 | . 1 . . . . 3 Recyclers Shooed 2 | . . . . . 1 1 Parts Field Recycled . | . . . . . . . Retrieved Matter . | . . . . . . . Parts Self-Destructed . | . . . . . . . Prevented . | . . . . . . . Parts Restored . | . . . . . . . Kills | -11 -10 -10 -10 -9 -8 -7 ------- Run | Yrd Mat Min Exi Min Mat Fac Combat Hostiles Destroyed 54 | . 19 3 . 5 7 20 Guns 51 | . 19 3 . 4 6 19 Classes Destroyed 10 | . 7 1 . . 1 1 Worker 1 | . 1 . . . . . Builder 2 | . 1 . . . . 1 Tunneler 2 | . . 2 . . . . Hauler 4 | . 1 . . . . 3 Recycler 3 | . . . . . 1 2 Operator 2 | . 1 . . . . 1 Watcher 4 | . 2 . . . . 2 Swarmer 16 | . 9 3 . . 4 . Grunt 33 | . 10 . . 5 3 15 Programmer 5 | . . . . . . 5 Best Kill Streak 8 | . 5 3 . 3 4 8 Combat Bots Only 6 | . 5 3 . 3 4 6 Max Kills in Single Turn 2 | . 2 1 . 1 2 1 Gunslinging . | . . . . . . . Exploded . | . . . . . . . Melee . | . . . . . . . Uniques/NPCs Destroyed . | . . . . . . . Combat | -11 -10 -10 -10 -9 -8 -7 -------- Run | Yrd Mat Min Exi Min Mat Fac Hostile Shots Fired 381 | . 56 9 . 29 95 192 Missed 117 | . 16 5 . 9 18 69 Hits 264 | . 40 4 . 20 77 123 Melee 9 | . . . . . 9 . Projectile 255 | . 40 4 . 20 68 123 Critical Strikes 11 | . . . . . 4 7 Actively Blocked 1 | . . . . . 1 . Damage Taken 3888 | . 502 47 . 256 1203 1880 Core 1279 | . 133 18 . 11 414 703 Absorbed by Shields . | . . . . . . . Redirected to Shielding 54 | . . . . . 32 22 Core Remaining (%) 53 | 100 . . . 35 24 . Volleys Fired 219 | . 55 6 . 13 56 89 Largest 2 | . 2 2 . 2 2 2 Hottest 160 | . 112 112 . 112 112 160 Shots Fired 342 | . 101 12 . 26 70 133 Gun 340 | . 101 12 . 26 70 131 Cannon 2 | . . . . . . 2 Launcher . | . . . . . . . Special . | . . . . . . . Kinetic . | . . . . . . . Thermal 342 | . 101 12 . 26 70 133 Explosive . | . . . . . . . Electromagnetic . | . . . . . . . Robot Hit Streak 14 | . 10 3 . 3 6 14 Robot Miss Streak 9 | . 3 2 . 2 5 9 Penetration Max . | . . . . . . . Secondary Targets 4 | . . 1 . 2 . 1 Max Gunslinging Chain 1 | . . 1 . 1 . 1 Shots Hit Robots 237 | . 64 7 . 17 39 110 Core Hits 130 | . 34 5 . 8 14 69 Critical Kills . | . . . . . . . Critical Parts Destroyed . | . . . . . . . Critical Strikes 15 | . 3 1 . 4 3 4 Burn 15 | . 3 1 . 4 3 4 Melee Attacks 14 | . 6 . . . . 8 Impact 8 | . . . . . . 8 Slashing 6 | . 6 . . . . . Piercing . | . . . . . . . Sneak Attacks 2 | . 1 . . . . 1 Combat Hostiles . | . . . . . . . Follow-up Attacks . | . . . . . . . Damage Inflicted 4331 | . 890 113 . 275 652 2401 Guns 4204 | . 840 113 . 275 643 2333 Cannons . | . . . . . . . Explosions . | . . . . . . . Melee 118 | . 50 . . . . 68 Ramming 9 | . . . . . 9 . Kinetic . | . . . . . . . Thermal 4204 | . 840 113 . 275 643 2333 Explosive . | . . . . . . . Electromagnetic . | . . . . . . . Impact 68 | . . . . . . 68 Slashing 50 | . 50 . . . . . Piercing . | . . . . . . . Highest Corruption 2 | . . . . . . 2 Average Corruption 1 | . . . . . . 1 Corruption Purged . | . . . . . . . Corruption Blocked . | . . . . . . . Effects 7 | . . . . . . 7 Message Errors 4 | . . . . . . 4 Matter Fused 2 | . . . . . . 2 Data Loss (minor) 1 | . . . . . . 1 Overload Shots . | . . . . . . . Overflow Damage 18 | . 10 . . . . 8 Projectiles . | . . . . . . . Explosions . | . . . . . . . Melee 18 | . 10 . . . . 8 Knockbacks . | . . . . . . . Impact . | . . . . . . . Kinetic . | . . . . . . . Secondary . | . . . . . . . Self-Inflicted Damage . | . . . . . . . Shots . | . . . . . . . Rammed . | . . . . . . . Targets Rammed 2 | . . . . . 2 . Kicked 2 | . . . . . 2 . Crushed . | . . . . . . . Highest Temperature 367 | . 172 60 . 325 367 354 Average Temperature 97 | . 46 25 . 126 131 92 Received Heat Transfer 1161 | . 120 . . 141 405 495 Effects 8 | . . . . 1 2 5 Shutdowns 2 | . . . . . . 2 Energy Bleed 1 | . . . . 1 . . Interference 5 | . . . . . 2 3 Siege Activations . | . . . . . . . Martial Activations . | . . . . . . . Shielding Activations . | . . . . . . . Robots Disrupted . | . . . . . . . Combat Hostiles . | . . . . . . . Robots Corrupted . | . . . . . . . Combat Hostiles . | . . . . . . . Parts Fried . | . . . . . . . Impact Corruptions 1 | . . . . . . 1 Robots Melted 3 | . . . . 1 1 1 Combat Hostiles 3 | . . . . 1 1 1 Parts Melted 25 | . 6 1 . 3 3 12 Heat Transferred 10725 | . 2413 370 . 999 1850 5093 Parts Sabotaged . | . . . . . . . Parts Stolen . | . . . . . . . Parts Stripped . | . . . . . . . Power Chain Reactions . | . . . . . . . Alert | -11 -10 -10 -10 -9 -8 -7 ------- Run | Yrd Mat Min Exi Min Mat Fac Maximum Alert Level 1 | . . . . . . 1 Low Security (%) 97 | 100 100 100 . 100 100 92 Level 1 2 | . . . . . . 7 Level 2 . | . . . . . . . Level 3 . | . . . . . . . Level 4 . | . . . . . . . Level 5 . | . . . . . . . High Security . | . . . . . . . Max Security . | . . . . . . . Peak Influence 312 | . 127 70 . 70 89 312 Initial 14 | . . 14 . . . . Average 36 | . 47 6 . 17 22 49 Influence Increases 1624 | . 529 110 . 120 169 696 Destroy 0b10 Robot/C 1080 | . 380 60 . 100 140 400 Destroy 0b10 Robot/NC 90 | . 30 10 . . 5 45 Destroy Leader 236 | . 86 10 . 20 10 110 Successful Hack 28 | . . . . . 13 15 Destroy Structure 10 | . 3 . . . 1 6 Lose Combat Pursuer 180 | . 30 30 . . . 120 Influence Decreases 1364 | . 492 147 . 120 169 436 Entered New Map 23 | . . 23 . . . . Time Decay 1181 | . 482 124 . 110 139 326 Lost Part 160 | . 10 . . 10 30 110 Squads Dispatched 16 | . 3 . . . . 13 Investigation 5 | . 1 . . . . 4 Extermination 6 | . . . . . . 6 Reinforcement 5 | . 2 . . . . 3 Assault . | . . . . . . . Garrison . | . . . . . . . Intercept . | . . . . . . . Searches Triggered . | . . . . . . . Construction Impeded 1 | . . . . . . 1 Haulers Reinforced 1 | . . . . . . 1 Active Scanning Responses . | . . . . . . . Cargo Convoy Interrupts . | . . . . . . . Stealth | -11 -10 -10 -10 -9 -8 -7 --------- Run | Yrd Mat Min Exi Min Mat Fac Distress Signals 8 | . 4 . . . 2 2 Communications Jammed . | . . . . . . . Distress Signals . | . . . . . . . Times Spotted 84 | . 29 4 . 5 13 33 Peak Tracking Total 8 | . 8 3 . 3 4 6 Tactical Retreats 8 | . 3 1 . . . 4 Traps | -11 -10 -10 -10 -9 -8 -7 ------- Run | Yrd Mat Min Exi Min Mat Fac Traps Triggered 3 | . 1 . . . . 2 Indirectly . | . . . . . . . Trap Hack Attempts . | . . . . . . . Triggered . | . . . . . . . Disarmed . | . . . . . . . Reprogrammed . | . . . . . . . Reused . | . . . . . . . Traps Extracted . | . . . . . . . Installed . | . . . . . . . Triggered . | . . . . . . . Machines | -11 -10 -10 -10 -9 -8 -7 ---------- Run | Yrd Mat Min Exi Min Mat Fac Machines Disabled . | . . . . . . . Max in Single Turn . | . . . . . . . Machines Repaired . | . . . . . . . Machines Dismantled . | . . . . . . . Machines Sabotaged . | . . . . . . . Overloaded Fab Kills . | . . . . . . . Hacking | -11 -10 -10 -10 -9 -8 -7 --------- Run | Yrd Mat Min Exi Min Mat Fac Machines Accessed 9 | . 2 1 1 . 1 4 Terminals 6 | . 1 . . . 1 4 Fabricators . | . . . . . . . Repair Stations . | . . . . . . . Recycling Units 1 | . 1 . . . . . Scanalyzers . | . . . . . . . Garrison Access . | . . . . . . . Total Hacks 20 | . 4 1 1 . 4 10 Successful 10 | . 3 1 1 . 2 3 Failed 10 | . 1 . . . 2 7 Catastrophic 3 | . . . . . . 3 Database Lockouts . | . . . . . . . Manual 13 | . 2 . 1 . 1 9 Terminals 17 | . 3 . . . 4 10 Fabricators . | . . . . . . . Repair Stations . | . . . . . . . Recycling Units 1 | . 1 . . . . . Scanalyzers . | . . . . . . . Garrison Access . | . . . . . . . Terminal Hacks 7 | . 2 1 1 . 1 2 Prototype ID Bank 2 | . 1 . . . . 1 Open Door 1 | . . 1 . . . . Level Access Points 1 | . . . . . 1 . Alert Level 1 | . 1 . . . . . Zone Layout 1 | . . . . . . 1 Proto ID Catalog 1 | . . . 1 . . . Fabricator Hacks . | . . . . . . . Repair Station Hacks . | . . . . . . . Recycling Unit Hacks 1 | . 1 . . . . . Report Inventory 1 | . 1 . . . . . Scanalyzer . | . . . . . . . Garrison Access Hacks . | . . . . . . . Unauthorized Hacks 2 | . . . . . 1 1 Terminals 2 | . . . . . 1 1 Botnet 2 | . . . . . 1 1 Fabricators . | . . . . . . . Repair Stations . | . . . . . . . Recycling Units . | . . . . . . . Scanalyzers . | . . . . . . . Garrison Access . | . . . . . . . Data Cores Recovered . | . . . . . . . Used . | . . . . . . . Hacking Detections 5 | . . . . . 1 4 Full Trace Events 3 | . . . . . . 3 Feedback Events . | . . . . . . . Feedback Blocked . | . . . . . . . Robot Schematics Acquired . | . . . . . . . Robots Built . | . . . . . . . Authchips . | . . . . . . . Time . | . . . . . . . Total Robot Build Rating . | . . . . . . . Part Schematics Acquired . | . . . . . . . Parts Built . | . . . . . . . Authchips . | . . . . . . . Time . | . . . . . . . Total Part Build Rating . | . . . . . . . Part Studies Acquired . | . . . . . . . Parts Repaired . | . . . . . . . Time . | . . . . . . . Parts Recycled . | . . . . . . . Recycled Matter . | . . . . . . . Retrieved Matter . | . . . . . . . Retrieved Components . | . . . . . . . Parts Scanalyzed . | . . . . . . . Part Schematics Acquired . | . . . . . . . Parts Damaged . | . . . . . . . Bothacking | -11 -10 -10 -10 -9 -8 -7 ------------ Run | Yrd Mat Min Exi Min Mat Fac Used RIF Installer . | . . . . . . . Robots Hacked . | . . . . . . . Non-combat . | . . . . . . . Combat . | . . . . . . . Robot Hacks Applied . | . . . . . . . Relay Couplers Released . | . . . . . . . Fabnet Peak Effective % . | . . . . . . . Robots Rewired . | . . . . . . . Allies Hacked . | . . . . . . . Hacks Repelled . | . . . . . . . Allies | -11 -10 -10 -10 -9 -8 -7 -------- Run | Yrd Mat Min Exi Min Mat Fac Total Allies 1 | . . 1 . . . . Largest Group 1 | . . 1 . . . . Highest-Rated Group 31 | . . 31 . . . . Highest-Rated Ally 31 | . . 31 . . . . Total Orders . | . . . . . . . Ally Attacks . | . . . . . . . Total Damage . | . . . . . . . Kills . | . . . . . . . Allies Corrupted . | . . . . . . . Allies Melted . | . . . . . . . Intel | -11 -10 -10 -10 -9 -8 -7 ------- Run | Yrd Mat Min Exi Min Mat Fac Active Infowar (turns) 1446 | . . . . . . 1446 Seismic 1040 | . . . . . . 1040 T.N.C. 1446 | . . . . . . 1446 Robot Analysis Total . | . . . . . . . Derelict Logs Recovered 2 | . . 1 . 1 . . Drone Launches . | . . . . . . . Drone Recoveries . | . . . . . . . Exploration | -11 -10 -10 -10 -9 -8 -7 ------------- Run | Yrd Mat Min Exi Min Mat Fac Turns Passed 6918 | 84 1947 1119 632 395 477 2264 Spaces Moved 4194 | 50 1078 675 395 220 173 1603 Core 19 | 6 1 . . . 2 10 Treads 2691 | 44 1077 675 395 220 42 238 Legs 764 | . . . . . 129 635 Wheels . | . . . . . . . Hover 720 | . . . . . . 720 Flight . | . . . . . . . Fastest Speed 44 | 50 160 160 160 160 160 44 Average Speed 144 | 146 160 160 160 160 187 116 Slowest Speed 550 | 160 300 160 160 160 450 550 Overloaded Moves . | . . . . . . . Propulsion Burnouts . | . . . . . . . Robots Hopped . | . . . . . . . Potential Cave-ins . | . . . . . . . Cave-ins Triggered . | . . . . . . . Exploration Rate (%) 51 | 3 97 95 72 40 22 28 Regions Visited 6 Branch Regions 3 Pre-discovered Areas . | . . . . . . . Known Exits Taken 2 | . . . . 1 1 . Unknown Exits Taken 4 | 1 1 1 1 . . . Scrap Searched 2 | . . 2 . . . . Spaces Dug 9 | . 2 . . . . 7 Terrain Destroyed 9 | . 2 . . . . 7 Melee 9 | . 2 . . . . 7 Projectile . | . . . . . . . AOE . | . . . . . . . Terrain Rammed . | . . . . . . . Walls Destroyed . | . . . . . . . Machines Disabled . | . . . . . . . Actions | -11 -10 -10 -10 -9 -8 -7 --------- Run | Yrd Mat Min Exi Min Mat Fac Total 4669 | 59 1187 702 396 239 253 1833 Wait 106 | . 13 17 . 1 12 63 Move 4188 | 49 1077 674 394 219 172 1603 Hop . | . . . . . . . Pick Up 39 | 6 9 5 1 2 1 15 Fast Attach 26 | 4 6 . . . 1 15 Attach 10 | . 1 . . . 7 2 Detach 2 | . 1 . . . . 1 Swap 26 | . 8 . . 1 2 15 Drop 37 | . 11 . 1 3 . 22 Fire 219 | . 55 6 . 13 56 89 Melee 14 | . 6 . . . . 8 Ram . | . . . . . . . Kick 2 | . . . . . 2 . Crush . | . . . . . . . Escape Stasis . | . . . . . . . Rewire . | . . . . . . . Trap . | . . . . . . . Miscellaneous . | . . . . . . . Route ------- -11/Scrapyard -10/Materials (discovered 5 exits: [*Mat x3] / *Min / [*Sub]) -10/Mines (discovered 3 exits: [*Mat x2] / *Exi) -10/Exiles -9/Mines -8/Materials (discovered 3 exits: *Fac x3) -7/Factory (discovered 1 exit: [*Fac]) History --------- Turn | Location | Event 2 | -11/Scrapyard | Met Revision 17 23 | -11/Scrapyard | Discovered new exit (range 16) 85 | -11/Scrapyard | Entered Materials 303 | -10/Materials | Build established: Mutant 455 | -10/Materials | Discovered new exit (range 7) 685 | -10/Materials | Discovered new exit (range 3) 785 | -10/Materials | Derelicts attacked the area 900 | -10/Materials | Discovered new exit (range 16) 1105 | -10/Materials | Discovered new exit (range 16) 1168 | -10/Materials | Discovered new exit (range 14) 1822 | -10/Materials | Core integrity fell below 50% 2032 | -10/Materials | Entered Mines 2033 | -10/Mines | Met a Derelict bent on vengeance 2323 | -10/Mines | Discovered new exit (range 5) 2753 | -10/Mines | Met a Derelict who couldn't figure out how to use a Trap Extractor 2802 | -10/Mines | Discovered new exit (range 16) 2862 | -10/Mines | Received a Mining Laser from a helpful Derelict 2899 | -10/Mines | YI-UF0 nonchalantly dropped a Grenade Launcher on the ground 3141 | -10/Mines | Deemed a non-threat by the Exiles lab entrance 3143 | -10/Mines | Discovered new exit (range 5) 3151 | -10/Mines | Entered Exiles 3190 | -10/Exiles | Met 8R-AWN 3215 | -10/Exiles | Met EX-HEX 3268 | -10/Exiles | Met EX-BIN 3287 | -10/Exiles | Aligned with FarCom system 3289 | -10/Exiles | Given EX-Vault access code 3334 | -10/Exiles | Opened EX-Vault 3350 | -10/Exiles | Found 0b10 Alert Chip 3383 | -10/Exiles | Warned to stay clear of 0b10 Research branches 3452 | -10/Exiles | Met EX-DEC 3520 | -10/Exiles | Visited The Gauntlet 3759 | -10/Exiles | Discovered new exit (range 14) 3783 | -10/Exiles | Left Exiles lab with 0b10 Alert Chip 3783 | -10/Exiles | Entered Mines 4000 | -9/Mines | Found a hidden stash of uninstalled traps 4016 | -9/Mines | Identified exit to Materials 4141 | -9/Mines | Received a Rocket Launcher from a helpful Derelict 4178 | -9/Mines | Entered Materials 4178 | -8/Materials | Evolved 4 slots: Propulsion x2, Utility x2 4311 | -8/Materials | Core integrity fell below 50% 4350 | -8/Materials | Lost 4 parts (2n1u1w) 4446 | -8/Materials | Identified exit to Factory 4641 | -8/Materials | Lost 3 parts (1n2w) 4655 | -8/Materials | Entered Factory 4655 | -7/Factory | Evolved 2 slots: Propulsion x1, Utility x1 4904 | -7/Factory | Discovered new exit (range 10) 5803 | -7/Factory | Build established: Scavenger-Mutant 6260 | -7/Factory | Build established: Mutant 6584 | -7/Factory | Build established: Scavenger-Mutant 6847 | -7/Factory | Lost 3 parts (3n) 6891 | -7/Factory | Core integrity fell below 50% 6913 | -7/Factory | Core integrity fell below 20% 6919 | -7/Factory | Destroyed by S-27 Virus with Autogun Last Messages --------------- 06873_ R-06 Scavenger collects Sml. Matter Pod. 06873_ Gravmag System destroyed. 06874_ B4=XZAAD&CGF8BAT%:SYNJ9V5UH 06876_ R-06 Scavenger collects Lgt. Ion Engine. 06877_ K-01 Serf suffers critical hit (Destroy). 06877_ K-01 Serf destroyed. 06877_ Critical hit (Destroy). 06877_ Adv. Beam Rifle destroyed. 06879_ K-01 Serf collects debris. 06882_ Imp. Heat Sink destroyed. 06892_ Slug penetrates Wall. 06902_ Enh. Nuclear Core destroyed. 06903_ R-06 Scavenger collects Lgt. Nuclear Core. 06904_ S-27 Virus destroyed. 06906_ K-01 Serf cleans the Subcomponent Replicator. 06908_ K-01 Serf collects debris. 06911_ &KSAOU# TLXF2SINCOQD RQVSS4 06915_ Slug penetrates Wall. 06917_ Critical hit (Burn: +37). Map ----- +----------------------------------------------------+ | ## ^ ??????????????????????? | | ?????a????????????????? | | """ """ """ """ """ ""????????a??????????????? | | """ """ """ """ """ "????????????????????????? | | """ """ """ """ """ ""???????????????????????? | | "" "" "" "" "" "?????? ??????????????? | | "" "" "" "" "" "???? ?????????????? | | %! % ? ?????????????? | | * """ """ """ """ """ ????????????? | | """ """ """ """ """ ????????????? | | # ^ """ """ """ """ """ ????????????? | | # ^ ""% "" "" ^"" "" #???????????? | | # ""% "" "" "" "" #???????????? | | # "Y" = ??????????? | | # """ [ %= * ??????????? | | + * %* ??????????? | | # [ %% % ??????????? | | # =###### ??????????? | | # #????#[ [??????????? | | # ##########+#######?#%########## ??????????? | | # #??# #?#=#????????????????????????? | | + #??# #?# #????????????????????????? | | ####??# """" ###g#######??????????????????? | | #?????# """" # s #??????????????????? | | #?????# """" h# s]! ] #??????????????????? | | #?????# """" s !!@ #??????????????????? | | #?????# """" # ! """ #??????????????????? | | #?????# """" # """ #??????????????????? | | #?????# " " """" ?# """ #??????????????????? | | #?????# "Y" ??# #??????????????????? | | #?????# """ ???# """ """ +??????????????????? | | #?????##########????# """ """ #??????????????????? | | #???????????????????# """ """????????????????????? | | #???????????????????# ?????????????????????? | | #???????????????????# ?? "??????????????????????? | | #???????????????????# ?? "??????????????????????? | | #???????????????????#???" "??????????????????????? | | #???????????????????Y???" ??????????????????????? | | ###?????????????????????? ???????????????????????? | | T#??????????????????????#???????????????????????? | | "#??????????????????????????????????????????????? | | ###??????????????????????????????????????????????? | | #????????????????????????????????????????????????? | | #????????????????????????????????????????????????? | | #????????????????????????????????????????????????? | | ?????????????????????????????????????????????? | | ?????????????????????????????????????????? | | ?????????????????????????????????????? | | ????????????????????????????????????? | | ?????????????????????????????????????? | +----------------------------------------------------+ Best States ------------- Heat Dissipation 48 Energy Generation 17 Energy Capacity 410 Matter Stores 300 Matter Capacity 300 Sight Range 16 Terrain Scan Density 10 Utility Shielding 33 Evasion (%) 56 Recoil Reduction 5 Item Schematics ----------------- None Robot Schematics ------------------ None Fabricated ------------ Nothing Repaired ---------- Nothing Studied --------- None Alien Tech Used ----------------- None Achievements -------------- Insider Info Challenges ------------ None Game ------ Seed RelayVoltaicFlakker Manual? 0 Play Time 01:05:19 Cumulative 46.9 hours Start 2026.04.14 @ 02:20:38 End 2026.04.14 @ 13:29:58 Sessions 16 Manual Loads 0 Difficulty Rogue Special Mode None Game No. 103 Rogue 103 Adventurer 0 Explorer 0 Win Type - Total 0 Types 0/0/0/0/0/0/0/0/0/0 Lore% 15 Gallery% 28 Achievement% 19 Wizard Run 0 Options --------- Layout 2 ASCII 1 Keyboard 1 Movement Vi Keybinds 0 Fullscreen 0 Font 16/T_Terminus Map View 64x51 Zoom Use 0% Tactical HUD 1 Map Filters NONE Filters LOW_CONTRAST(47,30,31) Steam 1 RUN: 924e42c2-bd35-48bc-abf9-a90c75b7876e